 Dungeon Crawl Stone Soup version 0.26.1-11-gd32895ea62 (webtiles) character file.

Game seed: 5103791293819951584

16 Zeld the Slasher (level 2, -2/21 HPs)
             Began as an Octopode Monk on May 20, 2021.
             Slain by Terence
             ... wielding a +1 flail of holy wrath
              (8 damage)
             ... on level 2 of the Dungeon.
             The game lasted 00:01:05 (917 turns).

Zeld the Slasher (Octopode Monk)                     Turns: 917, Time: 00:01:05

Health: -2/21      AC:  1    Str: 10    XL:     2   Next: 58%
Magic:  2/2        EV: 14    Int: 12    God:
Gold:   36         SH:  0    Dex: 14    Spells: 1/1 levels left

rFire    . . .     SeeInvis .   a - +0 falchion
rCold    . . .     Faith    .   (no shield)
rNeg     . . .     Spirit   .   (helmet restricted)
rPois    .         Reflect  .   (no amulet)
rElec    .         Harm     .   (no ring)
rCorr    .         Rampage  .   (no ring)
Will     .....                  (no ring)
Stlth    +++.......             (no ring)
HPRegen  0.07/turn              (no ring)
MPRegen  0.08/turn              (no ring)
                                (no ring)
                                (no ring)

@: no status effects
A: almost no armour, stealthy swim, amphibious, 8 rings, constrict 8, camouflage
1, gelatinous body 1
a: no special abilities


You were on level 2 of the Dungeon.
You visited 1 branch of the dungeon, and saw 2 of its levels.

You collected 36 gold pieces.

Inventory:

Hand Weapons
 a - a +0 falchion (weapon)
Scrolls
 d - a scroll of identify {unknown}
 e - a scroll of teleportation {unknown}
Potions
 c - a potion of mutation {unknown}


   Skills:
 - Level 3.0 Fighting
 - Level 3.3 Long Blades
 * Level 1.6 Throwing
 - Level 3.0 Dodging
 - Level 2.6 Stealth


You had one spell level left.
You didn't know any spells.
Your spell library was empty.

Dungeon Overview and Level Annotations

Branches:
Dungeon (2/15)

Altars:

Annotations:
D:2 Terence


Innate Abilities, Weirdness & Mutations

You cannot wear most types of armour.
You are very stealthy in the water. (Stealth+)
You are amphibious.
You can wear up to eight rings at the same time.
You can use your tentacles to constrict eight enemies at once.
Your skin changes colour to match your surroundings (Stealth+).
Your rubbery body absorbs attacks. (AC +1, EV +1)


Message History

The kobold throws a stone.
The stone closely misses you.
You see here a cloak.
The kobold throws a stone.
The stone hits you.
* * * LOW HITPOINT WARNING * * *
Things that are here:
a stone; a +0 club The kobold throws a stone.
The stone barely misses you.
You see here a stone.
You see here a stone.
You see here a stone.
Things that are here:
a +0 club; a frilled lizard corpse You see here a scroll labelled RAKKUO WUROEW.
Things that are here:
a stone; a rat corpse You see here pearl dragon scales.
Terence shouts, "Get ready for death!"
There is a stone staircase leading up here.
Terence hits you with a +1 flail of holy wrath!
You die...

### #@# #@# #.#
#.### #.# #.#..
#K# #.#.### #.#
#.#.#.. #.#
#.#.#.# #.#
#.#.#.# #
#.########.#.#<#.#


You could see Terence and a kobold.

Vanquished Creatures
  A dart slug (D:1)
  A bat (D:1)
  A giant cockroach (D:2)
  A goblin (D:1)
  2 hobgoblins (D:2)
  A frilled lizard (D:2)
  4 kobolds
  3 rats
14 creatures vanquished.

Vanquished Creatures (others)
  2 plants (D:2)
2 creatures vanquished.

Grand Total: 16 creatures vanquished

Notes
Turn   | Place    | Note
-------+----------+-------------------------------------------
     0 | D:1      | Zeld the Octopode Monk began the quest for the Orb.
     0 | D:1      | Reached XP level 1. HP: 16/16 MP: 1/1
   261 | D:1      | Reached XP level 2. HP: 18/21 MP: 2/2
   462 | D:1      | Reached skill level 1 in Throwing
   877 | D:2      | Noticed Terence
   917 | D:2      | Slain by Terence

Illustrated notes

Levels and vault maps discovered:
D:1:      lemuel_arrival_river_ford, layout_basic
D:2:      layout_basic, zin_angel, serial_forest, infiniplex_forest_diagonal,
          infiniplex_forest_zigzag_1, infiniplex_forest_lined_corner,
          infiniplex_forest_lined_3, infiniplex_forest_fountain,
          infiniplex_forest_lined_1, infiniplex_forest_clump_small, uniq_terence

Skill      XL: |  1  2 |
---------------+-------+-----
Throwing       | 1 |  1.6
Fighting       | |  3.0
Long Blades    | |  3.3
Dodging        | |  3.0
Stealth        | |  2.6

Action                   || total
-------------------------++-------
Melee: Falchion          ||    20
       Constrict         ||     9
       Tentacles         ||     5
Throw: Stone             ||    10
 Stab: Sleeping          ||     3
Dodge: Dodged            ||    19
       Rpst.: Falchion   ||     8
